 Dungeon Crawl Stone Soup version 0.16.0-17-g811c1d7 (webtiles) character file.

10818 Fluffy the Carver (level 11, -1/84 HPs)
             Began as a Demonspawn Gladiator on Mar 20, 2015.
             Was a High Priest of Makhleb.
             Slain by a polar bear simulacrum (20 damage)
             ... in an ice cave.
             The game lasted 00:32:50 (10809 turns).

Fluffy the Carver (Demonspawn Gladiator)           Turns: 10809, Time: 00:32:50

Health: -1/84      AC: 19    Str: 24    XL:     11   Next: 41%
Magic:  14/14      EV: 14    Int: 10    God:    Makhleb [*****.]
Gold:   647        SH:  0    Dex: 14    Spells: 0 memorised, 10 levels left

rFire  + + +     SeeInvis .     y - +2 scimitar (freeze)
rCold  . . .     Clarity  .     B - +3 scale mail of Listlessness {rF++ rCorr MP-9 Str+4}
rNeg   . . .     SustAb   .     (no shield)
rPois  .         Gourm    .     (helmet restricted)
rElec  .         Spirit   .     q - +2 cloak
rCorr  +         Warding  .     (no gloves)
rMut   .         Stasis   .     m - +1 pair of boots
MR     .....                    (no amulet)
Stlth  ..........               i - ring of protection from fire
                                c - +2 ring of strength

@: not resistant to hostile enchantments, extremely unstealthy
A: horns 1, thin metallic scales 2, fire resistance 1, powered by death 2, flame
cloud immunity
a: Minor Destruction, Lesser Servant of Makhleb, Major Destruction, Greater
Servant of Makhleb, Renounce Religion


You were in an ice cave.
You worshipped Makhleb.
Makhleb was extremely pleased with you.
You were not hungry.

You visited 3 branches of the dungeon, and saw 13 of its levels.
You also visited: Ice Cave.

You collected 647 gold pieces.

Inventory:

Hand weapons
 y - a +2 scimitar of freezing (weapon)
 z - a +4 falchion of draining
Missiles
 d - 3 throwing nets (quivered)
Armour
 m - a +1 pair of boots (worn)
 q - a +2 cloak (worn)
 B - the +3 scale mail of Listlessness (worn) {rF++ rCorr MP-9 Str+4}
   (You found it on level 4 of the Dungeon)

   It affects your strength (+4).
   It greatly protects you from fire.
   It affects your magic capacity (-9).
   It protects you from acid and corrosion.
Jewellery
 c - a +2 ring of strength (left hand)
 i - a ring of protection from fire (right hand)
Magical devices
 n - a wand of paralysis (16)
 r - a wand of teleportation (6)
 x - a wand of cold (8)
 E - a wand of magic darts (22)
Scrolls
 a - a scroll of teleportation
 g - 3 scrolls of remove curse
 h - 2 scrolls of enchant armour
Potions
 b - 3 potions of haste
 e - 4 potions of curing
 l - a potion of might
 p - 2 potions of ambrosia
 s - a potion of flight {unknown}
 t - a potion of decay {unknown}
 u - 3 potions of restore abilities {unknown}
 v - a potion of cure mutation {unknown}
 w - a potion of berserk rage {unknown}
 A - 2 potions of heal wounds {unknown}
 D - a potion of resistance {unknown}
 G - 3 potions of agility {unknown}
Books
 F - a book of Dreams

   Spells                             Type                      Level
   a - Ensorcelled Hibernation        Hexes/Ice                    2
   b - Flight                         Charms/Air                   3
   c - Phase Shift                    Translocation                5
   d - Shadow Creatures               Summoning                    5
   e - Mass Confusion                 Hexes                        6
   f - Darkness                       Hexes                        7
 I - a book of the Earth

   Spells                             Type                      Level
   a - Leda's Liquefaction            Hexes/Earth                  4
   b - Bolt of Magma                  Conjuration/Fire/Earth       5
   c - Statue Form                    Transmutation/Earth          6
   d - Iron Shot                      Conjuration/Earth            6
   e - Shatter                        Earth                        9
Comestibles
 f - 8 bread rations
 j - 5 beef jerkies
 k - 2 royal jellies
 o - 24 fruits
 C - 3 meat rations
 K - a slice of pizza


   Skills:
 + Level 7.1 Fighting
 + Level 11.4 Long Blades
 - Level 1.7 Throwing
 + Level 5.7 Armour
 + Level 6.9 Dodging
 + Level 8.7 Invocations


You had 10 spell levels left.
You didn't know any spells.

Dungeon Overview and Level Annotations

Branches:
Dungeon (10/15)            Temple (1/1) D:6            Lair (0/8) D:9
    Orc (2/4) D:9

Altars:
Ashenzari
Cheibriados
Dithmenos
Elyvilon
Fedhas
Gozag
Kikubaaqudgha
Makhleb
Nemelex Xobeh
Okawaru
Qazlal
Ru
Sif Muna
Trog
Vehumet
Xom
Yredelemnul
Zin
The Shining One
Beogh


Innate Abilities, Weirdness & Mutations

You have a pair of small horns on your head.
You are mostly covered in thin metallic scales (AC +3).
Your flesh is heat resistant.
You can steal the life force of defeated enemies.
You are immune to clouds of flame.


Message History

You hit the polar bear simulacrum. You headbutt the polar bear simulacrum.
The polar bear simulacrum closely misses you.
The polar bear simulacrum barely misses you.
The polar bear simulacrum claws you. The polar bear simulacrum freezes you!
You hit the polar bear simulacrum.
You headbutt the polar bear simulacrum, but do no damage.
The polar bear simulacrum misses you.
The polar bear simulacrum claws you but does no damage.
The polar bear simulacrum misses you.
The polar bear simulacrum bites you but does no damage.
The polar bear simulacrum closely misses you.
The polar bear simulacrum claws you but does no damage.
You slash the polar bear simulacrum!
The polar bear simulacrum vapourises!
Makhleb accepts your kill.
You hit the polar bear simulacrum but do no damage.
The polar bear simulacrum bites you!
* * * LOW HITPOINT WARNING * * *
The polar bear simulacrum freezes you!!
You die...

#####
##...##
##..∩..##
#.......#
#...@...#
##..§Z.##
##...##
#...#
...##
#...#
##...
##.. ##.


You could see a polar bear simulacrum.

Vanquished Creatures
  The ghost of Anothat the Cleaver, an experienced FoFi of Makhleb (D:8)
  An unseen horror (D:10)
  An elephant (D:9)
  2 trolls
  Grinder (D:6)
  2 two-headed ogres
  A deep elf mage (D:9)
  Eustachio (D:7)
  A hippogriff (D:7)
  A steam dragon (D:10)
  6 yaks
  A hungry ghost (D:10)
  A water moccasin (D:7)
  2 orc warriors
  2 black bears (D:6)
  An alligator simulacrum (IceCv)
  6 ogres
  2 sky beasts
  10 ice beasts
  2 phantoms
  A centaur (D:5)
  A necrophage (D:7)
  Sigmund (D:6)
  4 giant frogs
  A big kobold (D:9)
  An elephant simulacrum (IceCv)
  20 killer bees
  8 scorpions
  10 wights
  2 electric eels (D:9)
  2 wasp zombies
  4 crimson imps
  2 goliath beetles (D:9)
  5 hounds
  A quasit (D:8)
  2 centaur zombies
  An iguana (D:8)
  Crazy Yiuf (D:2)
  A centaur skeleton (D:8)
  A jelly (D:9)
  14 orc wizards
  A giant frog skeleton (D:8)
  6 orc priests
  A polar bear simulacrum (IceCv)
  2 sheep (D:9)
  9 worker ants
  A hound zombie (D:10)
  A hound skeleton (D:9)
  14 adders
  10 gnolls
  A shadow imp (D:8)
  A worm (D:4)
  2 adder skeletons
  3 giant geckos
  An ooze (D:2)
  68 orcs
  5 giant cockroaches
  21 hobgoblins
  5 jackals
  3 quokkas
  2 ball pythons
  22 bats
  A giant gecko skeleton (D:8)
  2 giant newts
  11 goblins
  19 kobolds
  2 quokka zombies (D:5)
  15 rats
  A fungus (D:2)
358 creatures vanquished.

Notes
Turn   | Place    | Note
--------------------------------------------------------------
     0 | D:1      | Fluffy, the Demonspawn Gladiator, began the quest for the Orb.
     0 | D:1      | Reached XP level 1. HP: 16/16 MP: 1/1
   133 | D:1      | Reached skill level 3 in Long Blades
   234 | D:1      | Gained mutation: You have a pair of small horns on your head. [demonic ancestry]
   234 | D:1      | Reached XP level 2. HP: 19/22 MP: 2/2
   849 | D:2      | Gained mutation: Your flesh is heat resistant. [demonic ancestry]
   849 | D:2      | Reached XP level 3. HP: 20/27 MP: 3/3
   927 | D:2      | Found a shimmering altar of Xom.
   950 | D:2      | Reached skill level 4 in Long Blades
  1341 | D:2      | Found a shattered altar of Ashenzari.
  1410 | D:2      | Gained mutation: You are partially covered in thin metallic scales (AC +2). [demonic ancestry]
  1410 | D:2      | Reached XP level 4. HP: 31/33 MP: 4/4
  1666 | D:2      | Noticed Crazy Yiuf
  1674 | D:2      | Killed Crazy Yiuf
  1827 | D:2      | Reached skill level 5 in Long Blades
  2194 | D:3      | Gained mutation: You can steal the life force of nearby defeated enemies. [demonic ancestry]
  2194 | D:3      | Reached XP level 5. HP: 38/38 MP: 5/5
  2617 | D:4      | Reached skill level 6 in Long Blades
  2617 | D:4      | Reached XP level 6. HP: 42/44 MP: 6/6
  2720 | D:4      | Reached skill level 7 in Long Blades
  2770 | D:4      | Found a sparkling altar of Nemelex Xobeh.
  2883 | D:4      | Found a bloodstained altar of Trog.
  2883 | D:4      | Found a deep blue altar of Sif Muna.
  2884 | D:4      | Found an opulent altar of Gozag.
  2985 | D:4      | Found a sacrificial altar of Ru.
  3344 | D:4      | Gained mutation: You are immune to clouds of flame. [demonic ancestry]
  3344 | D:4      | Reached XP level 7. HP: 50/50 MP: 7/7
  3370 | D:4      | Noticed a phantom
  3387 | D:4      | Found a shadowy altar of Dithmenos.
  3410 | D:4      | Got a dazzling scale mail
  3421 | D:4      | Identified the +3 scale mail of Listlessness {rF++ rCorr MP-9 Str+4} (You found it on level 4 of the Dungeon)
  3444 | D:4      | Killed a phantom
  3523 | D:5      | Entered Level 5 of the Dungeon
  3569 | D:5      | Reached skill level 8 in Long Blades
  3779 | D:5      | Found a stormy altar of Qazlal.
  4012 | D:5      | Reached XP level 8. HP: 54/56 MP: 0/8
  4015 | D:5      | Reached skill level 9 in Long Blades
  4579 | D:6      | Noticed Grinder
  4586 | D:6      | Killed Grinder
  4692 | D:6      | Found a staircase to the Ecumenical Temple.
  4704 | Temple   | Entered the Ecumenical Temple
  4757 | Temple   | Became a worshipper of Makhleb the Destroyer
  5081 | D:6      | Noticed Sigmund
  5091 | D:6      | Killed Sigmund
  5091 | D:6      | Reached skill level 1 in Invocations
  5246 | D:6      | Found a blossoming altar of Fedhas.
  5266 | D:6      | Reached skill level 1 in Armour
  5269 | D:6      | Found a bloodstained altar of Trog.
  5275 | D:6      | Reached skill level 10 in Long Blades
  5522 | D:7      | Noticed Eustachio
  5545 | D:7      | Killed Eustachio
  5545 | D:7      | Gained mutation: You are mostly covered in thin metallic scales (AC +3). [demonic ancestry]
  5545 | D:7      | Reached XP level 9. HP: 34/64 MP: 3/14
  5827 | D:7      | Noticed a two-headed ogre
  5831 | D:7      | Killed a two-headed ogre
  5835 | D:7      | Acquired Makhleb's first power
  6385 | D:7      | Acquired Makhleb's second power
  6557 | D:7      | Reached skill level 5 in Invocations
  7480 | D:8      | Reached skill level 5 in Dodging
  7518 | D:8      | Found a white marble altar of Elyvilon.
  7560 | D:8      | Gained mutation: You can steal the life force of defeated enemies. [demonic ancestry]
  7560 | D:8      | Reached XP level 10. HP: 71/73 MP: 10/19
  7730 | D:8      | Acquired Makhleb's third power
  7734 | D:8      | Reached skill level 5 in Fighting
  8076 | D:8      | Noticed Anothat's ghost (experienced FoFi)
  8097 | D:8      | Killed Anothat's ghost
  8595 | D:9      | Reached skill level 11 in Long Blades
  8933 | D:9      | Found a staircase to the Orcish Mines.
  9228 | D:9      | Found a staircase to the Lair.
  9228 | D:9      | Noticed an elephant
  9237 | D:9      | Acquired Makhleb's fourth power
  9251 | D:9      | Killed an elephant
  9251 | D:9      | Reached skill level 5 in Armour
  9445 | D:10     | Entered Level 10 of the Dungeon
  9703 | D:10     | Reached XP level 11. HP: 83/83 MP: 13/22
  9818 | D:10     | Killed an unseen horror
 10102 | D:10     | Got a faintly humming chain mail
 10113 | D:10     | Identified the cursed -3 chain mail "Fesiunid" {Str+3} (You found it on level 10 of the Dungeon)
 10366 | Orc:1    | Entered Level 1 of the Orcish Mines
 10383 | Orc:1    | Acquired Makhleb's fifth power
 10444 | Orc:1    | Found a roughly hewn altar of Beogh.
 10723 | Orc:2    | Found a frozen archway.
 10795 | IceCv    | Entered an ice cave
 10809 | IceCv    | Slain by a polar bear simulacrum

Action                   |  1- 3 |  4- 6 |  7- 9 | 10-12 || total
-------------------------+-------+-------+-------+-------++-------
Melee: Long sword        |   112 |   163 |   246 |       ||   521
       Scimitar          |       |       |   126 |   408 ||   534
  Use: Potion            |     1 |       |     1 |       ||     2
       Scroll            |       |       |    14 |     5 ||    19
  Eat: Chunk             |     2 |     6 |    12 |    11 ||    31
       Royal jelly       |       |       |     1 |       ||     1
